 Dungeon Crawl Stone Soup version 0.32-a0-818-gb728d0252e (webtiles) character file.

Game seed: 5096721381791117528

6860 greenreed the Basher (level 11, -5/84 HPs)
             Began as a Coglin Gladiator on Mar 24, 2024.
             Slain by a vampire mosquito (9 damage)
             ... on level 10 of the Dungeon.
             The game lasted 00:16:43 (10007 turns).

greenreed the Basher (Coglin Gladiator)            Turns: 10007, Time: 00:16:44

Health: -5/84      AC: 11    Str: 19    XL:     11   Next: 6%
Magic:  11/11      EV: 15    Int: 10    God:
Gold:   557        SH:  0    Dex: 19    Spells: 10/10 levels left

rFire   . . .        E - +2 flail (drain) {Mariya}
rCold   . . .        a - +4 flail {Teghnoor}
rNeg    . . .        J - +0 acid dragon scales
rPois   .            G - +4 hat of Sunlight {^Contam Int+3 Dex+3}
rElec   .            j - scarf {+Inv}
rCorr   +            (no gloves)
SInv    .            (no boots)
Will    .....        (amulet unavailable)
Stlth   +            (ring unavailable)
HPRegen 0.34/turn    (ring unavailable)
MPRegen 0.12/turn    (no gizmo)

%: no passive effects
@: mighty, revved
A: off-hand wielding, slow wielding, warmup strikes, no jewellery
a: Invent Gizmo, Evoke Invisibility


You were on level 10 of the Dungeon.
You visited 2 branches of the dungeon, and saw 11 of its levels.

You collected 627 gold pieces.
You spent 70 gold pieces at shops.

Inventory:

Hand Weapons
 a - a +4 flail (offhand) {Teghnoor}
 E - a +2 flail of draining (weapon) {Mariya}
 H - a +0 morningstar
Missiles
 d - 4 throwing nets (quivered)
 e - a javelin
 g - 3 datura-tipped darts
 s - 5 curare-tipped darts
Armour
 c - a +3 ring mail of poison resistance
 j - a scarf of invisibility (worn)
 z - a +0 crystal plate armour
 G - the +4 hat of Sunlight (worn) {^Contam Int+3 Dex+3}
   (You found it on level 9 of the Dungeon)

   Int+3:     It affects your intelligence (+3).
   Dex+3:     It affects your dexterity (+3).
   ^Contam:   It causes magical contamination when unequipped.
 J - +0 acid dragon scales (worn)
Wands
 x - a wand of flame (58)
 y - a wand of acid (1)
 F - a wand of roots (17)
Scrolls
 f - 6 scrolls of identify {unknown}
 h - a scroll of fog {unknown}
 i - 5 scrolls of teleportation {unknown}
 k - 2 scrolls of poison {unknown}
 l - 2 scrolls of summoning {unknown}
 m - 4 scrolls of vulnerability {unknown}
 r - a scroll of fear {unknown}
 v - 2 scrolls of amnesia {unknown}
 w - a scroll of enchant weapon {unknown}
 B - a scroll of brand weapon {unknown}
 D - a scroll of revelation {unknown}
Potions
 b - 2 potions of brilliance {unknown}
 n - 2 potions of enlightenment {unknown}
 o - 5 potions of might
 q - a potion of magic {unknown}
 t - a potion of ambrosia {unknown}
 u - 2 potions of degeneration {unknown}
 C - 3 potions of curing {unknown}
 I - a potion of mutation {unknown}


   Skills:
 + Level 7.6 Fighting
 * Level 10.0 Maces & Flails
 - Level 1.7 Throwing
 + Level 6.6 Armour
 + Level 7.3 Dodging
 + Level 2.2 Evocations


You had 10 spell levels left.
You didn't know any spells.
Your spell library contained the following spells:

 Spells                   Type           Power      Damage    Failure   Level
 Sandblast                Erth           0%         2d4       43%         1
 Lesser Beckoning         Tloc           0%         N/A       58%         2
 Gell's Gravitas          Tloc           0%         N/A       82%         3
 Inner Flame              Hex/Fire       0%         N/A       82%         3
 Stone Arrow              Conj/Erth      0%         3d7       82%         3
 Teleport Other           Tloc           0%         N/A       82%         3
 Brom's Barrelling Bould  Conj/Erth      0%         2d3       99%         4
 Irradiate                Conj/Alch      0%         3d11      100%        5
 Ignition                 Fire           0%         3d3       100%        8


Dungeon Overview and Level Annotations

Branches:
Dungeon (10/15)            Temple (1/1) D:5
   Lair: D:8-11         Orc: D:9-12

Altars:
Ashenzari
Cheibriados
Dithmenos
Elyvilon
Fedhas
Hepliaklqana
Kikubaaqudgha
Makhleb
Nemelex Xobeh
Okawaru
Qazlal
Ru
Sif Muna
Trog
Uskayaw
Vehumet
Wu Jian
Xom
Yredelemnul
Zin
The Shining One
Beogh

Shops:
D:2 !

Annotations:
D:4 3 runed translucent doors, porpoise's ghost, amateur MfSh


Innate Abilities, Weirdness & Mutations

You can wield a second weapon in your off-hand.
It takes a long time for you to wield or remove held weapons.
Your first few attacks do less damage.
You cannot equip rings or amulets.


Message History

Unknown command.
You sock the vampire mosquito with your +4 flail!
The vampire mosquito is almost destroyed.
You closely miss the vampire mosquito with your +2 flail of draining.
The vampire mosquito closely misses you.
The vampire mosquito barely misses you.
You thump the vampire mosquito with your +4 flail!
You destroy the vampire mosquito!
The vampire mosquito closely misses you.
You thump the vampire mosquito with your +4 flail!
The vampire mosquito is moderately damaged.
You hit the vampire mosquito but do no damage.
The vampire mosquito closely misses you.
The vampire mosquito bites you!
The vampire mosquito draws strength from your injuries!
You hit the vampire mosquito but do no damage.
You closely miss the vampire mosquito with your +2 flail of draining.
The vampire mosquito misses you. The vampire mosquito bites you.
* * * LOW HITPOINT WARNING * * *
The vampire mosquito draws strength from your injuries!
You sock the vampire mosquito with your +2 flail of draining!
The vampire mosquito is moderately damaged.
You closely miss the vampire mosquito with your +4 flail.
The vampire mosquito bites you!
* * * LOW HITPOINT WARNING * * *
The vampire mosquito draws strength from your injuries!
You barely miss the vampire mosquito with your +2 flail of draining.
The vampire mosquito is moderately damaged.
You barely miss the vampire mosquito with your +4 flail.
The vampire mosquito bites you!
* * * LOW HITPOINT WARNING * * *
The vampire mosquito draws strength from your injuries!
The vampire mosquito bites you!
* * * LOW HITPOINT WARNING * * *
The vampire mosquito draws strength from your injuries!
It was a potion of might.
You feel very mighty all of a sudden.
The vampire mosquito closely misses you.
The vampire mosquito bites you!
You die...

##'######## ######## #..........
#......# #.......... #......#
######.......... #......#
#............... #......#
#........####### #......#####
#...............
#.........Y#########.........
#.........yy@................
#.........Y######............
######+#.......######.....##+####
.....!.#...........##.....##....<
.......#...........##.....####...
.......#...........##...........K
.......#...........##.....####...
......?............)))...........
......#.$..........##########....


You could see 2 yaks and 2 vampire mosquitoes.

Vanquished Creatures
  A two-headed ogre (D:9)
  Maggie (D:9)
  2 trolls
  Grinder (D:6)
  Sigmund (D:6)
  2 yaks (D:10)
  A wyvern (D:9)
  A vampire mosquito (D:10)
  Duvessa (D:4)
  4 water moccasins
  2 black bears
  2 orc warriors
  A sky beast (D:7)
  2 centaurs (D:8)
  A kobold brigand (D:10)
  2 bullfrogs (D:8)
  2 scorpions
  2 gnoll sergeants
  25 wights
  Dowan (D:4)
  13 killer bees
  2 howler monkeys (D:9)
  3 jellies
  A bombardier beetle (D:5)
  5 hounds
  3 orc priests
  A gnoll bouda (D:7)
  Natasha (D:4)
  4 iguanas
  6 orc wizards
  13 adders
  15 gnolls
  A shadow imp (D:7)
  A white imp (D:5)
  A dart slug (D:1)
  A ribbon worm (D:2)
  29 orcs
  3 endoplasms
  5 giant cockroaches
  3 goblins
  6 hobgoblins
  4 quokkas
  7 ball pythons
  4 bats
  3 frilled lizards
  14 kobolds
  9 rats
213 creatures vanquished.

Notes
Turn   | Place    | Note
-------+----------+-------------------------------------------
     0 | D:1      | greenreed the Coglin Gladiator began the quest for the Orb.
     0 | D:1      | Reached XP level 1. HP: 16/16 MP: 1/1
   226 | D:1      | Reached XP level 2. HP: 22/22 MP: 2/2
   257 | D:1      | Reached skill level 3 in Maces & Flails
   695 | D:1      | Reached XP level 3. HP: 27/27 MP: 3/3
   850 | D:2      | Reached skill level 1 in Armour
  1044 | D:2      | Found Qieginlatoe's Distillery.
  1052 | D:2      | Bought a potion of heal wounds for 70 gold pieces
  1210 | D:2      | Reached XP level 4. HP: 33/34 MP: 4/4
  1489 | D:3      | Found a faded altar of an unknown god.
  1605 | D:3      | Reached XP level 5. HP: 17/40 MP: 5/5
  2118 | D:3      | Found a white marble altar of Elyvilon.
  2235 | D:4      | Reached skill level 4 in Maces & Flails
  2613 | D:4      | Reached XP level 6. HP: 10/47 MP: 6/6
  2808 | D:4      | Found an iron altar of Okawaru.
  2809 | D:4      | Found a bloodstained altar of Trog.
  2814 | D:4      | Found a hazy altar of Hepliaklqana.
  3018 | D:4      | Noticed Duvessa
  3018 | D:4      | Noticed Dowan
  3035 | D:4      | Killed Duvessa
  3118 | D:4      | Killed Dowan
  3181 | D:4      | Found a runed translucent gate.
  3181 | D:4      | Identified the +6 dagger of Conformity {speed, rPois Str-3
                  | Int-3 SInv}
  3181 | D:4      | Identified the +2 chain mail of the Dragon {Harm *Corrode
                  | rF++ Int-2}
  3182 | D:4      | Found a runed translucent gate.
  3184 | D:4      | Found a runed translucent gate.
  3184 | D:4      | Noticed porpoise's ghost (amateur MfSh)
  3191 | D:4      | Identified the +1 robe "Agex" {Fly Archmagi}
  3193 | D:4      | Noticed Natasha
  3200 | D:4      | Reached XP level 7. HP: 45/52 MP: 7/7
  3206 | D:4      | Killed Natasha
  3216 | D:4      | Reached skill level 5 in Maces & Flails
  3326 | D:4      | Found a roughly hewn altar of Beogh.
  3683 | D:5      | Entered Level 5 of the Dungeon
  4084 | D:5      | Reached XP level 8. HP: 53/60 MP: 8/8
  4251 | D:5      | Found a staircase to the Ecumenical Temple.
  4260 | Temple   | Entered the Ecumenical Temple
  4534 | D:5      | Reached skill level 6 in Maces & Flails
  4653 | D:6      | Noticed Grinder
  4677 | D:6      | Killed Grinder
  4687 | D:6      | Reached skill level 5 in Dodging
  4783 | D:6      | Reached skill level 5 in Fighting
  4925 | D:6      | Noticed Sigmund
  4946 | D:6      | Killed Sigmund
  4947 | D:6      | Reached skill level 7 in Maces & Flails
  4947 | D:6      | Reached XP level 9. HP: 46/68 MP: 9/9
  5135 | D:6      | Noticed a +0 hand axe
  5135 | D:6      | Noticed a +0 dagger
  5139 | D:6      | Found a hide-covered altar of Uskayaw.
  5544 | D:7      | Found an ornate altar of the Wu Jian Council.
  6209 | D:7      | Reached skill level 5 in Armour
  6421 | D:7      | Found a radiant altar of Vehumet.
  6529 | D:7      | Reached skill level 8 in Maces & Flails
  6864 | D:8      | Found a shimmering blue altar of Sif Muna.
  7176 | D:8      | Found a glowing golden altar of the Shining One.
  7261 | D:8      | Reached XP level 10. HP: 25/77 MP: 10/10
  8340 | D:9      | Reached skill level 9 in Maces & Flails
  8421 | D:9      | Noticed a two-headed ogre
  8429 | D:9      | Killed a two-headed ogre
  8556 | D:9      | Identified the +4 hat of Sunlight {^Contam Int+3 Dex+3}
  8877 | D:9      | Noticed Maggie
  8887 | D:9      | Killed Maggie
  9059 | D:9      | Found a blossoming altar of Fedhas.
  9147 | D:9      | Reached skill level 1 in Evocations
  9276 | D:9      | Found a glowing golden altar of the Shining One.
  9307 | D:9      | Found a snail-covered altar of Cheibriados.
  9606 | D:9      | Found a sparkling altar of Nemelex Xobeh.
  9650 | D:10     | Entered Level 10 of the Dungeon
  9980 | D:10     | Reached XP level 11. HP: 84/84 MP: 11/11
  9985 | D:10     | Reached skill level 10 in Maces & Flails
 10006 | D:10     | HP: 3/84 [vampire mosquito (7)]
 10007 | D:10     | Slain by a vampire mosquito

Illustrated notes

Levels and vault maps discovered:
D:1:      dpeg_arrival_prison, layout_basic
D:2:      layout_basic, serial_shops, shop
D:3:      layout_basic, nicolae_elyvilon_temple_path,
          nicolae_ecumenical_pavilion
D:4:      layout_gridville, minitemple, biasface_ghost_orc_armoury,
          uniq_natasha, uniq_duvessa
D:5:      layout_basic, temple_fountains, guppyfry_early_lair_pool
D:6:      layout_cave_pools, dancing_weapons_uskayaw, uniq_grinder, uniq_sigmund
D:7:      layout_basic, nzn_wu_jian_contemplation, vehumet_altar_wand_db
D:8:      layout_basic, chequers_serial_rivers_marsh, hangedman_feature_mirror,
          minmay_misc_feat_ornament, chequers_serial_rivers_large_b
D:9:      layout_cave_pods, cheibriados_altar_1, general_overflow_altar,
          mainiacjoe_overflow_24_doors, lemuel_crystal_altar, uniq_maggie
D:10:     layout_basic, lemuel_coloured_pillars_altar, hellmonk_lair_entry_icy,
          enter_trove_1
Temple:   hellmonk_temple_micro_hex

Skill      XL: |  1  2  3  4  5  6  7  8  9 10 11 |
---------------+----------------------------------+-----
Maces & Flails | 3 4 5 7 8 9 10 | 10.0
Armour         | 1 2 3 4 5 6 |  6.6
Dodging        | 3 4 5 6 7 |  7.3
Fighting       | 3 4 5 6 7 |  7.6
Evocations     | 1 2 |  2.2
Throwing       | |  1.7

Action                     |  1- 3 |  4- 6 |  7- 9 | 10-12 || total
---------------------------+-------+-------+-------+-------++-------
  Melee: Flail             |    69 |   128 |   271 |   257 ||   725
         Dagger            |     8 |       |       |       ||     8
         Whip              |    59 |   122 |   214 |       ||   395
  Evoke: Wand              |       |       |     3 |    10 ||    13
    Use: Potion            |       |     1 |       |     2 ||     3
   Stab: Sleeping          |       |     1 |       |       ||     1
 Armour: Leather armour    |    53 |    53 |       |       ||   106
         Chain mail        |       |    50 |   213 |    79 ||   342
         Acid dragon scale |       |       |       |    57 ||    57
  Dodge: Dodged            |    40 |    75 |   106 |   112 ||   333

Table legend: (Time is in decaauts)
 A = Elapsed time spent in this place.
 B = Non-inter-level travel time spent in this place.
 C = Inter-level travel time spent in this place.
 D = Time resting spent in this place.
 E = Time spent auto-exploring this place.
 F = Levels seen in this place.
 G = Mean time per level.
                   A        B        C        D        E       F      G
               +--------+--------+--------+--------+--------+-----+--------+
         Total |  10043 |   9708 |    335 |   1008 |   7196 |  11 |  913.0 |
       Dungeon |  10041 |   9706 |    335 |   1008 |   7196 |  10 | 1004.1 |
        Temple |      1 |      1 |      0 |      0 |      0 |   1 |    1.0 |
               +--------+--------+--------+--------+--------+-----+--------+

Top non-repeatable levels by time:
     D:8: 1575 daAuts
     D:9: 1508 daAuts
     D:7: 1348 daAuts
     D:4: 1303 daAuts
     D:6: 899 daAuts
     D:3: 897 daAuts
     D:5: 840 daAuts
     D:1: 831 daAuts
     D:2: 665 daAuts
    D:10: 172 daAuts
  Temple: 1 daAuts
